 Dungeon Crawl Stone Soup version 0.24.1-8-ga250c9d538 (webtiles) character file.

Game seed: 13211864414089920350, levelgen mode: deterministic

361 Hugehornet the Changer (level 6, 0/57 HPs)
             Began as an Octopode Transmuter on May 1, 2020.
             Succumbed to a worker ant's poison
             ... on level 4 of the Dungeon.
             The game lasted 00:08:02 (4107 turns).

Hugehornet the Changer (Octopode Transmuter)        Turns: 4107, Time: 00:08:03

Health: 0/57       AC: 23    Str: 15    XL:     6   Next: 66%
Magic:  9/9        EV:  2    Int: 17    God:
Gold:   191        SH:  0    Dex: 12    Spells: 3/9 levels left

rFire    . . .     SeeInvis .     - Unarmed
rCold    . . .     Gourm    .   (no shield)
rNeg     + + +     Faith    .   (helmet currently unavailable)
rPois    +         Spirit   .   (no amulet)
rElec    .         Reflect  .   (no ring)
rCorr    .         Harm     .   (no ring)
MR       .....     NoTele   +   (no ring)
Stlth    +.........             (no ring)
HPRegen  0.19/turn              (no ring)
MPRegen  0.11/turn              (no ring)
                                (no ring)
                                (no ring)

@: mighty, lethally poisoned (0 -> -8), tree-form, hasted, very quick
A: almost no armour, stealthy swim, (amphibious), 8 rings, (constrict 8)
a: no special abilities


You were on level 4 of the Dungeon.
You were not hungry.
You were a tree.
You visited 1 branch of the dungeon, and saw 4 of its levels.

You collected 191 gold pieces.

Inventory:

Missiles
 a - 75 arrows
Scrolls
 b - a scroll of magic mapping {unknown}
 d - a scroll of identify {unknown}
 e - a scroll of enchant armour {unknown}
 f - a scroll of amnesia {unknown}
 g - 2 scrolls of fog {unknown}
 h - 3 scrolls of teleportation {unknown}
 j - 2 scrolls of enchant weapon {unknown}
 l - a scroll of fear {unknown}
Potions
 i - a potion of haste
 m - a potion of lignification
Comestibles
 c - 9 rations
 n - 2 chunks of flesh


   Skills:
 - Level 1.0 Fighting
 - Level 2.0 Dodging
 - Level 3.0 Unarmed Combat
 - Level 2.0 Spellcasting
 * Level 6.6 Transmutations
 - Level 2.0 Poison Magic


You had 3 spell levels left.
You knew the following spells:

 Your Spells              Type           Power        Failure   Level  Hunger
a - Beastly Appendage     Tmut           ###...       1%          1    #......
b - Sticks to Snakes      Tmut           ###.....     1%          2    ###....
c - Spider Form           Tmut/Pois      ###.......   10%         3    ###....

Your spell library contained the following spells:

 Spells                   Type           Power        Failure   Level  Hunger
 Blade Hands              Tmut           ###.......   34%         5    ######.
 Ice Form                 Ice/Tmut       ##......     45%         4    #####..


Dungeon Overview and Level Annotations

Branches:
Dungeon (4/15)
 Temple: D:4-7

Altars:

Annotations:
D:4 exclusion: ogre


Innate Abilities, Weirdness & Mutations

You cannot wear most types of armour.
You are very stealthy in the water. (Stealth+)
((You are amphibious.))
You can wear up to eight rings at the same time.
((You can use your tentacles to constrict eight enemies at once.))
((Your skin changes colour to match your surroundings (Stealth+).))
((Your rubbery body absorbs attacks. (AC +1, EV +1)))


Message History

You constrict the howler monkey skeleton, but do no damage.
* * * LOW HITPOINT WARNING * * *
You feel sick.
The howler monkey skeleton barely misses you.
You tentacle-slap the howler monkey skeleton but do no damage.
You pierce the howler monkey skeleton.
You destroy the howler monkey skeleton!
* * * LOW HITPOINT WARNING * * *
You feel sick.
It was a potion of magic.
Magic courses through your body.
* * * LOW HITPOINT WARNING * * *
You feel sick.
It was a potion of lignification.
Your tentacle spike disappears.
You turn into a tree.
Your roots penetrate the ground.
It was a potion of might.
You feel very mighty all of a sudden.
* * * LOW HITPOINT WARNING * * *
You feel sick.
You die...

#.# #.# #.###.##### ..
#.#####
..........#####.#......#
#######.#.#............#
###.#... ....?.....#
#.#.##.. .........#
#.#.##.## ........#
#####...##..####........
......####......♣#..###
........>............>#
##########.#.#......#.#.#
#### #..#...<..#$....#
...# #.##............#
##.### #. #.....#.#....#
.....# #.[........#....#
÷.##.#########..#####.#.#
.)##...# #......... .#...


There were no monsters in sight!

Vanquished Creatures
  2 scorpions (D:3)
  A crimson imp (D:3)
  A worker ant (D:4)
  A hound skeleton (D:4)
  A howler monkey skeleton (D:4)
  4 adders
  2 oozes (D:3)
  2 worms
  A dart slug (D:4)
  3 leopard geckos
  7 orcs
  4 giant cockroaches
  10 hobgoblins
  8 jackals
  8 kobolds
  A quokka (D:2)
  A ball python (D:3)
  10 bats
  7 frilled lizards
  7 goblins
  A quokka skeleton (D:4)
  10 rats
92 creatures vanquished.

Vanquished Creatures (collateral kills)
  A bullfrog (D:2)
1 creature vanquished.

Vanquished Creatures (others)
  12 toadstools (D:4)
12 creatures vanquished.

Grand Total: 105 creatures vanquished

Notes
Turn   | Place    | Note
-------+----------+-------------------------------------------
     0 | D:1      | Hugehornet the Octopode Transmuter began the quest for the
                  | Orb.
     0 | D:1      | Reached XP level 1. HP: 13/13 MP: 3/3
   480 | D:1      | Reached XP level 2. HP: 11/18 MP: 3/5
   649 | D:1      | Reached skill level 3 in Transmutations
   993 | D:2      | Reached XP level 3. HP: 16/23 MP: 4/6
  1275 | D:2      | Learned a level 2 spell: Sticks to Snakes
  1279 | D:2      | Learned a level 3 spell: Spider Form
  1693 | D:2      | Reached skill level 4 in Transmutations
  1702 | D:2      | Reached XP level 4. HP: 20/28 MP: 7/7
  1709 | D:2      | Reached skill level 1 in Poison Magic
  2007 | D:2      | Noticed a bullfrog
  2018 | D:2      | Killed a bullfrog
  2209 | D:3      | Reached XP level 5. HP: 25/33 MP: 8/8
  2569 | D:3      | Reached skill level 5 in Transmutations
  2945 | D:3      | Reached XP level 6. HP: 29/38 MP: 7/9
  3594 | D:3      | Reached skill level 6 in Transmutations
  4104 | D:4      | HP: 1/38 [poisoned by a worker ant]
  4107 | D:4      | Succumbed to a worker ant's poison

Levels and vault maps discovered:
D:1:      minmay_arrival_wavy_path, layout_rooms
D:2:      layout_basic, first_ration, minmay_rat_gold_closets
D:3:      kb_forest_paths, layout_basic
D:4:      cheibrodos_fertilizer, layout_basic

Skill      XL: |  1  2  3  4  5  6 |
---------------+-------------------+-----
Transmutations | 3 4 5 6 |  6.6
Poison Magic   | 1 2 |  2.0
Fighting       | |  1.0
Dodging        | |  2.0
Unarmed Combat | |  3.0
Spellcasting   | |  2.0

Action                   |  1- 3 |  4- 6 || total
-------------------------+-------+-------++-------
Melee: Unarmed           |    74 |   165 ||   239
       Kick              |    21 |    30 ||    51
       Constrict         |    16 |    40 ||    56
       Tentacles         |     6 |    20 ||    26
       Punch             |     1 |     3 ||     4
 Cast: Beastly Appendage |    20 |    29 ||    49
       Sticks to Snakes  |       |     5 ||     5
       Spider Form       |       |     1 ||     1
  Use: Potion            |       |     7 ||     7
 Stab: Sleeping          |     3 |    11 ||    14
       Distracted        |       |     1 ||     1
  Eat: Chunk             |     3 |     6 ||     9
       Ration            |       |     1 ||     1
Armor: Skin              |     1 |    15 ||    16
Dodge: Dodged            |    33 |   109 ||   142
